 Dungeon Crawl Stone Soup version 0.20.0-8-g6b59dc7 (webtiles) character file.

3598 Monsterracer the Cleaver (level 9, -3/81 HPs)
             Began as a Deep Dwarf Fighter on May 31, 2017.
             Was a Follower of Makhleb.
             Slain by a two-headed ogre
             ... wielding a +0 giant club
              (19 damage)
             ... on level 8 of the Dungeon.
             The game lasted 00:18:05 (5632 turns).

Monsterracer the Cleaver (Deep Dwarf Fighter)       Turns: 5632, Time: 00:18:05

Health: -3/81      AC: 11    Str: 20    XL:     9   Next: 85%
Magic:  3/3        EV: 13    Int:  9    God:    Makhleb [*.....]
Gold:   653        SH: 11    Dex: 22    Spells: 8/8 levels left

rFire    . . .     SeeInvis .   a - +0 war axe
rCold    . . .     Gourm    .   c - +0 shield
rNeg     + . .     Faith    .   x - +3 ring mail of Zicon {MR+ Dex+7}
rPois    .         Spirit   .   (helmet restricted)
rElec    .         Reflect  .   d - +1 cloak (curse)
rCorr    +         Harm     .   (no gloves)
MR       ++...                  (no boots)
Stlth    +.........             (no amulet)
Regen    0.0/turn               i - ring of resist corrosion
MPRegen  0.1/turn               m - ring of positive energy

@: non-regenerating
A: damage resistance, heal wounds, horns 1, deterioration 1, sense surroundings
2, no regeneration
a: Heal Wounds, Renounce Religion


You were on level 8 of the Dungeon.
You worshipped Makhleb.
Makhleb was aware of your devotion.
You were not hungry.

You visited 2 branches of the dungeon, and saw 9 of its levels.
You also visited: Ossuary.

You collected 653 gold pieces.

Inventory:

Hand Weapons
 a - a +0 war axe (weapon)
 j - a +0 mace
Armour
 c - a +0 shield (worn)
 d - a cursed +1 cloak (worn)
 x - the +3 ring mail of Zicon (worn) {MR+ Dex+7}
   (You found it on level 7 of the Dungeon)

   It affects your dexterity (+7).
   It affects your resistance to hostile enchantments.
Jewellery
 i - a ring of resist corrosion (left hand)
 m - a ring of positive energy (right hand)
 n - an uncursed ring of wizardry
Wands
 q - a wand of iceblast (9/15)
Scrolls
 b - 3 scrolls of teleportation
 e - 6 scrolls of remove curse
 h - 6 scrolls of identify
 w - 2 scrolls of recharging
Potions
 r - 3 potions of agility
 s - a potion of brilliance
 t - 3 potions of curing
 u - a potion of haste
 v - 2 potions of mutation
Comestibles
 f - 8 bread rations
 g - a chunk of flesh
 k - 9 royal jellies
 l - 2 fruits
 o - 3 meat rations


   Skills:
 + Level 5.3 Fighting
 * Level 10.4 Axes
 + Level 6.6 Armour
 + Level 5.0 Dodging
 + Level 5.9 Shields
 + Level 5.0 Invocations


You had 8 spell levels left.
You didn't know any spells.

Dungeon Overview and Level Annotations

Branches:
Dungeon (8/15)             Temple (1/1) D:6
   Lair: D:8-11

Altars:
Ashenzari
Cheibriados
Dithmenos
Elyvilon
Fedhas
Hepliaklqana
Kikubaaqudgha
Makhleb
Nemelex Xobeh
Okawaru
Qazlal
Ru
Sif Muna
Trog
Uskayaw
Vehumet
Yredelemnul
Zin
The Shining One

Shops:
D:6 (

Annotations:
D:8 exclusion: electric eel


Innate Abilities, Weirdness & Mutations

You are resistant to damage.
You can heal yourself by infusing magical energy.
You passively map the area around you.
You do not regenerate.
You have a pair of small horns on your head.
Your body sometimes deteriorates upon taking damage.


Message History

You slash the two-headed ogre!
The two-headed ogre is heavily wounded.
You hit the bullfrog. You slash the two-headed ogre!
You block the bullfrog's attack.
You completely miss the two-headed ogre.
The two-headed ogre is heavily wounded.
You completely miss the two-headed ogre.
You hit the bullfrog. You block the bullfrog's attack.
The two-headed ogre barely misses you. You block the two-headed ogre's attack.
The two-headed ogre hits you with a giant club!!
* * * LOW HITPOINT WARNING * * *
The two-headed ogre hits you but does no damage.
The bullfrog snags a nearby centipede with its tongue.
The bullfrog barely misses you.
You hit the two-headed ogre.
The two-headed ogre is heavily wounded.
You hit the two-headed ogre. You slash the bullfrog!
You block the bullfrog's attack.
The two-headed ogre hits you with a giant club!!
You die...

.#............###≈♣≈P≈≈≈≈≈≈≈
................# #≈
≈≈≈≈≈≈≈≈ ..#.............#
#≈ ≈≈≈≈;≈≈≈ ,..
#.............# #♣≈≈≈≈≈≈≈≈≈
. #.............# ≈≈≈≈≈≈≈≈ ,
, ##.###........# * * ≈ ≈≈≈
,, #., ######.### ≈ ≈ ,, # *
#.# ≈ ≈≈ ≈ *** *#@# ≈ ≈ ≈
**, *#..FOO....# ≈ ≈ *,
*#.........# ** ≈
#......H..#≈ ≈ ≈ #.........#
≈ ,#...!.....# ≈
#........... * .#....####..
, , ,* ,


You could see 2 two-headed ogres, a hippogriff and a bullfrog.

Vanquished Creatures
  A queen bee (D:8)
  2 hippogriffs
  2 steam dragons (D:7)
  Menkaure (D:7)
  An ice beast (D:5)
  A phantom (D:4)
  4 ogres
  3 centaurs
  Blork the orc (D:6)
  2 bullfrogs (D:7)
  12 killer bees (D:8)
  4 electric eels (D:8)
  A crimson imp (D:6)
  2 bullfrog zombies
  2 orc priests
  2 hounds
  2 jellies
  Crazy Yiuf (D:3)
  A bullfrog skeleton (D:8)
  A centaur skeleton (D:4)
  4 orc wizards
  Jessica (D:2)
  Ijyb (D:4)
  4 worker ants
  A hound zombie (D:8)
  A hound skeleton (D:7)
  9 mummies
  A worker ant zombie (D:8)
  4 gnolls (D:6)
  8 adders
  An ooze (D:2)
  An adder skeleton (D:8)
  3 worms
  6 leopard geckos
  22 orcs
  6 bats
  7 giant cockroaches
  A gnoll zombie (Ossuary)
  8 goblins
  6 hobgoblins
  18 jackals
  7 kobolds
  3 quokkas
  A ball python (D:4)
  7 frilled lizards
  3 hobgoblin zombies
  2 kobold zombies (Ossuary)
  4 orc zombies
  A quokka skeleton (D:7)
  4 rats
191 creatures vanquished.

Notes
Turn   | Place    | Note
-------+----------+-------------------------------------------
     0 | D:1      | Monsterracer the Deep Dwarf Fighter began the quest for the Orb.
     0 | D:1      | Reached XP level 1. HP: 20/20 MP: 1/1
    90 | D:1      | Reached skill level 3 in Axes
    90 | D:1      | Reached XP level 2. HP: 18/27 MP: 2/2
   673 | D:2      | Reached skill level 4 in Axes
   673 | D:2      | Reached XP level 3. HP: 10/33 MP: 3/3
   771 | D:2      | Found a radiant altar of Vehumet.
   839 | D:2      | Reached XP level 4. HP: 16/40 MP: 4/4
   974 | D:2      | Reached skill level 5 in Axes
  1068 | D:2      | Noticed Jessica
  1074 | D:2      | Killed Jessica
  1146 | D:3      | Found a stormy altar of Qazlal.
  1328 | D:3      | Reached XP level 5. HP: 8/46 MP: 5/5
  1495 | D:3      | Reached skill level 6 in Axes
  1816 | D:3      | Found a runed door.
  1823 | D:3      | Noticed Crazy Yiuf
  1831 | D:3      | Killed Crazy Yiuf
  2142 | D:4      | Noticed a phantom
  2169 | D:4      | Reached skill level 7 in Axes
  2169 | D:4      | Reached XP level 6. HP: 55/55 MP: 6/6
  2177 | D:4      | Found a sand-covered staircase.
  2195 | Ossuary  | Entered an ossuary
  2245 | Ossuary  | HP: 2/55 [mummy (10)]
  2437 | D:4      | Reached skill level 1 in Dodging
  2437 | D:4      | Reached XP level 7. HP: 34/62 MP: 5/5
  2538 | D:4      | Found a white marble altar of Elyvilon.
  2539 | D:4      | Noticed Ijyb
  2554 | D:4      | Killed Ijyb
  2757 | D:4      | Found an ancient bone altar of Kikubaaqudgha.
  2918 | D:5      | Entered Level 5 of the Dungeon
  3023 | D:5      | Found a hazy altar of Hepliaklqana.
  3160 | D:5      | Reached skill level 8 in Axes
  3553 | D:6      | Reached XP level 8. HP: 24/72 MP: 6/6
  3562 | D:6      | Gained mutation: Your body sometimes deteriorates upon taking damage. [potion of mutation]
  3562 | D:6      | Gained mutation: You have a pair of small horns on your head. [potion of mutation]
  3663 | D:6      | Found Niasmyr's Weapon Emporium.
  4023 | D:6      | Found a glowing golden altar of the Shining One.
  4023 | D:6      | Found a sacrificial altar of Ru.
  4024 | D:6      | Noticed Blork the orc
  4040 | D:6      | Killed Blork the orc
  4177 | D:6      | Found a staircase to the Ecumenical Temple.
  4186 | Temple   | Entered the Ecumenical Temple
  4214 | Temple   | Became a worshipper of Makhleb the Destroyer
  4536 | D:7      | Noticed Menkaure
  4543 | D:7      | Killed Menkaure
  4543 | D:7      | Reached skill level 1 in Invocations
  4573 | D:7      | Reached skill level 5 in Armour
  4589 | D:7      | Got a dazzling ring mail
  4600 | D:7      | Identified the +3 ring mail of Zicon {MR+ Dex+7} (You found it on level 7 of the Dungeon)
  4725 | D:7      | Noticed a hippogriff
  4734 | D:7      | Killed a hippogriff
  4734 | D:7      | Reached skill level 9 in Axes
  4801 | D:7      | Reached skill level 5 in Shields
  4938 | D:7      | Gained mutation: You passively map the area around you. [Deep Dwarf growth]
  4938 | D:7      | Reached XP level 9. HP: 37/79 MP: 7/7
  5324 | D:8      | Reached * piety under Makhleb
  5394 | D:8      | Reached skill level 10 in Axes
  5436 | D:8      | Reached skill level 5 in Fighting
  5448 | D:8      | Noticed a queen bee
  5466 | D:8      | Killed a queen bee
  5477 | D:8      | Reached skill level 5 in Invocations
  5538 | D:8      | Reached skill level 5 in Dodging
  5623 | D:8      | Noticed a two-headed ogre
  5625 | D:8      | Noticed a two-headed ogre
  5632 | D:8      | Slain by a two-headed ogre

Skill      XL: |  1  2  3  4  5  6  7  8  9 |
---------------+----------------------------+-----
Axes           | 3 4 5 7 8 9 10 | 10.4
Fighting       | 3 4 5 |  5.3
Dodging        | 1 2 3 5 |  5.0
Armour         | 4 5 6 |  6.6
Shields        | 4 5 |  5.9
Invocations    | 3 5 |  5.0

Action                   |  1- 3 |  4- 6 |  7- 9 || total
-------------------------+-------+-------+-------++-------
Melee: War axe           |   109 |   244 |   377 ||   730
       Headbutt          |       |       |    69 ||    69
 Abil: Heal Wounds       |       |     8 |    19 ||    27
  Use: Potion            |     1 |     3 |    10 ||    14
       Scroll            |       |     3 |     9 ||    12
  Eat: Chunk             |       |     6 |    11 ||    17
Armor: Chain mail        |    72 |   101 |    68 ||   241
       Scale mail        |     5 |       |       ||     5
       Ring mail         |       |       |    73 ||    73
Dodge: Dodged            |    30 |    40 |   136 ||   206
Block: Shield            |    73 |   106 |   180 ||   359
